 Dungeon Crawl Stone Soup version bcrawl-1.41 (webtiles) character file.

Game seed: 6018013247098802336

389819 Artagas the Black Belt (level 16, -2/146 HPs)
             Began as a Demonspawn Monk on Mar 23, 2024.
             Was the Champion of Dithmenos.
             Slain by a phantasmal warrior (18 damage)
             ... on level 3 of the Swamp on Mar 27, 2024.
             The game lasted 01:28:03 (33252 turns).

Artagas the Black Belt (Demonspawn Monk)           Turns: 33252, Time: 01:28:03

Health: -2/146     AC: 15    Str: 23    XL:     16   Next: 8%
Magic:  0/23       EV:  4    Int: 16    God:    Dithmenos [******]
Gold:   2355       SH: 19    Dex: 23    Spells: 15/15 levels left

rFire    . . .     GDR:     38%   - Claws (41.1)
rCold    . . .     SeeInvis +   v - +0 large shield
rNeg     . . .     Gourm    .   Q - +5 chain mail "Languaf" {rCorr Int+4 Slay+2}
rPois    .         Faith    .   (helmet unavailable)
rElec    .         Spirit   +   (no cloak)
rCorr    +         Reflect  .   (gloves unavailable)
MR       +....                  (boots unavailable)
Stlth    ++........             d - amulet of guardian spirit
HPRegen  0.34/turn              B - +6 ring of dexterity
MPRegen  0.18/turn              b - +6 ring of strength

@: exhausted, swift, about to teleport, flying, very slightly contaminated,
wreathed by umbra, very quick
A: antennae 3, claws 3, hooves 3, nightstalker 2, robust 1, spiny 2
a: Shadow Step, Shadow Form, Renounce Religion


You were on level 3 of the Swamp.
You worshipped Dithmenos.
Dithmenos was exalted by your worship.
You were very hungry.

You visited 5 branches of the dungeon, and saw 23 of its levels.
You also visited: Ice Cave and Volcano.

You collected 2526 gold pieces.
You spent 171 gold pieces at shops.

Inventory:

Missiles
 C - 124 javelins (quivered)
 D - 373 poisoned tomahawks
Armour
 k - the +3 medium shield of the Hills {*Drain rC++}
   (You took it off a tengu conjurer on level 11 of the Dungeon)

   It greatly protects you from cold.
   It causes draining when unequipped.
 u - a +0 hat
 v - a +0 large shield (worn)
   (You found it on level 3 of the Dungeon)
 G - +0 swamp dragon scales
   (You found it on level 3 of the Lair of Beasts)
 Q - the +5 chain mail "Languaf" (worn) {rCorr Int+4 Slay+2}
   (You found it on level 2 of the Lair of Beasts)

   It affects your intelligence (+4).
   It affects your accuracy and damage with ranged weapons and melee attacks
   (+2).
   It provides partial protection from all sources of acid and corrosion.
Magical Staves
 Z - an uncursed staff of death
   (You found it in an ice cave)
Jewellery
 b - a +6 ring of strength (right claw)
   (You found it on level 2 of the Dungeon)
 c - an uncursed ring of protection from cold
   (You found it on level 3 of the Dungeon)
 d - an amulet of guardian spirit (around neck)
 x - a +5 ring of strength
   (You took it off a spriggan on level 3 of the Swamp)
 A - an uncursed amulet of rage
   (You found it on level 12 of the Dungeon)
 B - a +6 ring of dexterity (left claw)
   (You found it on level 5 of the Dungeon)
Wands
 f - a wand of scattershot (9)
   (You found it on level 6 of the Lair of Beasts)
 F - a wand of iceblast (17)
   (You found it on level 6 of the Dungeon)
 H - a wand of paralysis (9)
   (You found it in an ice cave)
 I - a wand of acid (5)
   (You found it on level 7 of the Dungeon)
 S - a wand of charming (19)
   (You found it on level 2 of the Lair of Beasts)
 T - a wand of random effects (8)
   (You found it in an ice cave)
 V - a wand of disintegration (12)
   (You found it on level 2 of the Lair of Beasts)
Scrolls
 a - a scroll of summoning
 i - 5 scrolls of identify
 j - 2 scrolls of noise
 m - 3 scrolls of immolation
 t - 3 scrolls of teleportation
 y - 4 scrolls of fog
 M - 2 scrolls of silence
 O - 10 scrolls of remove curse
 P - a scroll of vulnerability
 R - a scroll of enchant armour
 U - 2 scrolls of revelation
Potions
 g - 3 potions of brilliance
 h - a potion of haste
 l - 2 potions of invisibility
 n - a potion of resistance
 p - 4 potions of lignification
 q - 7 potions of curing
 r - 2 potions of magic
 s - a potion of agility
 w - a potion of heal wounds
 E - 6 potions of mutation
 K - a potion of ambrosia
 L - 2 potions of cancellation
 W - a potion of berserk rage
Miscellaneous
 J - a box of beasts
 N - a sack of spiders
   (You found it on level 9 of the Dungeon)
Comestibles
 e - 32 rations {!d}


   Skills:
 - Level 14.0 Fighting
   Level 5.5 Axes
 - Level 7.0 Throwing
 - Level 8.0 Armour
 - Level 2.6 Dodging
 - Level 2.0 Stealth
 - Level 11.0 Shields
 + Level 15.5 Unarmed Combat
 - Level 9.0 Invocations
 - Level 5.0 Evocations


You had 15 spell levels left.
You didn't know any spells.
Your spell library contained the following spells:

 Spells                   Type           Power        Failure   Level  Hunger
 Flame Tongue             Conj/Fire      #....        100%        1    None
 Magic Dart               Conj           #...         100%        1    None
 Necrotize                Necr           #.....       100%        1    None
 Static Discharge         Air            #.....       100%        1    None
 Sting                    Conj/Pois      #...         100%        1    None
 Summon Small Mammal      Summ           #...         100%        1    None
 Call Imp                 Summ           #.....       100%        2    ####...
 Flaming Arrows           Chrm/Fire      #.......     100%        2    ####...
 Poisonous Vapours        Pois/Air       #.....       100%        2    ####...
 Searing Ray              Conj           #.......     100%        2    ####...
 Shackle                  Hex            #.......     100%        2    ####...
 Shock                    Conj/Air       #......      100%        2    ####...
 Sublimation of Blood     Necr           #.........   100%        2    ####...
 Swiftness                Chrm/Air       #.......     100%        2    ####...
 Call Canine Familiar     Summ           #.......     100%        3    #####..
 Ignite Poison            Fire/Tmut/Pois #.......     100%        3    #####..
 Iskenderun's Mystic Bla  Conj           #.......     100%        3    #####..
 Mephitic Cloud           Conj/Pois/Air  #.......     100%        3    #####..
 Vampiric Draining        Necr           #.........   100%        3    #####..
 Agony                    Necr           #.......     100%        4    ######.
 Animate Dead             Necr           N/A          100%        4    ######.
 Fulminant Prism          Conj/Hex       #.........   100%        4    ######.
 Lightning Bolt           Conj/Air       #.......     100%        4    ######.
 Olgreb's Toxic Radiance  Pois           #........    100%        4    ######.
 Petrify                  Tmut/Erth      #.........   100%        4    ######.
 Sticky Flame             Conj/Fire      #.......     100%        4    ######.
 Summon Ice Beast         Ice/Summ       #.......     100%        4    ######.
 Summon Scorpions         Summ/Pois      #.......     100%        4    ######.
 Dispel Undead            Necr           #.......     100%        5    #######
 Freezing Cloud           Ice/Air        #.......     100%        5    #######
 Irradiate                Conj/Tmut      #.........   100%        5    #######
 Iskenderun's Battlesphe  Conj/Chrm      #.......     100%        5    #######
 Metabolic Englaciation   Hex/Ice        #.........   100%        5    #######
 Piercing Shot            Chrm           #.........   100%        5    #######
 Steam Barrier            Chrm/Fire      #.........   100%        5    #######
 Summon Lightning Spire   Summ/Air       #.......     100%        5    #######
 Venom Bolt               Conj/Pois      #.........   100%        5    #######
 Bolt of Cold             Conj/Ice       #.........   100%        6    #######
 Infestation              Hex/Tmut/Pois  #........    100%        6    #######
 Ozocubu's Refrigeration  Ice            #.........   100%        6    #######
 Simulacrum               Ice/Necr       #.......     100%        6    #######
 Virulence                Hex/Pois       #.......     100%        6    #######
 Time Stop                Chrm/Tloc      N/A          100%        8    #######
 Fire Storm               Fire           #.........   100%        9    #######


Dungeon Overview and Level Annotations

Branches:
Dungeon (12/12)            Temple (1/1) D:5            Lair (6/6) D:9
  Swamp (3/3) Lair:3       Shoals (0/3) Lair:3        Slime (0/5) Orc
    Orc (1/1) D:9             Elf (0/3) Lair:5       Vaults (0/3) D:11
 Depths (0/5) D:12

Altars:
Cheibriados
Dithmenos
Hepliaklqana
Makhleb
Okawaru
Ru
Sif Muna
Trog
Vehumet
Xom
Jiyva

Shops:
Orc (!(%}:(

Annotations:
D:5 2 transporters, tronn's ghost, weakling OpAc
Lair:4 2 transporters, Faturymn's ghost, journeyman DrAE
Lair:5 1 runed translucent door, Wachungys's ghost, journeyman NaVM


Innate Abilities, Weirdness & Mutations

You have a pair of large antennae on your head. (SInv)
You have claws for hands.
You have hooves in place of feet.
You are significantly more attuned to the shadows.
You are robust. (+10% HP)
You are mostly covered in sharp spines.


Message History

A will-o'-wisp comes into view.
The will-o'-wisp gives a chilling moan.
A will-o'-wisp comes into view.
The will-o'-wisp gives a chilling moan.
A will-o'-wisp comes into view.
The will-o'-wisp gives a chilling moan.
You block the will-o'-wisp's attack.
A will-o'-wisp comes into view.
The will-o'-wisp barely misses you.
The will-o'-wisp is struck by your spines.
The will-o'-wisp barely misses you.
The will-o'-wisp hits you but does no damage.
The will-o'-wisp forms a magic circle of ghostly light.
You feel haunted.
The phantom blinks!
The phantom is struck by your spines.
The phantom hits you but does no damage.
A phantom comes into view.
The phantasmal warrior blinks!
A phantasmal warrior comes into view.
A phantom comes into view.
A seven-headed hydra zombie comes into view. 5 phantoms and a ghost crab come into view.
You feel much better. You block the will-o'-wisp's attack. x2
The will-o'-wisp barely misses you. You block the will-o'-wisp's attack.
The will-o'-wisp hits you but does no damage.
The phantom blinks!
The phantasmal warrior blinks!
The ghost crab breathes spectral mist at you.
The spectral mist engulfs the phantom but does no damage.
The phantom hits you but does no damage.
The freezing wraith hits you!
* * * LOW HITPOINT WARNING * * *
The freezing wraith freezes you!
* * * LOW HITPOINT WARNING * * *
You block the freezing wraith's attack.
The will-o'-wisp is engulfed in spectral mist.
Okay, then.
Okay, then.
Aiming: Shadow Step
Press: ? - help, Dir - move target cursor There isn't a shadow there.
Okay, then.
Aiming: Shadow Step
Press: ? - help, Dir - move target cursor, f - seven-headed hydra zombie
Aim: a seven-headed hydra zombie (umbra)
You step into the seven-headed hydra zombie's shadow.
You leave a shadowy clone behind.
A phantom comes into view.
The will-o'-wisp is engulfed in spectral mist. x2
The will-o'-wisp hits Artagas's shadow.
The will-o'-wisp shocks Artagas's shadow!
The will-o'-wisp is engulfed in spectral mist.
You block the will-o'-wisp's attack.
The will-o'-wisp is engulfed in spectral mist. x4
The will-o'-wisp hits Artagas's shadow but does no damage.
The will-o'-wisp is engulfed in spectral mist.
You block the will-o'-wisp's attack.
The will-o'-wisp is engulfed in spectral mist.
The phantasmal warrior blinks!
The will-o'-wisp is engulfed in spectral mist.
The phantom barely misses you.
Artagas's shadow hits the will-o'-wisp.
The will-o'-wisp is destroyed!
Dithmenos accepts your kill.
You feel much better.
The will-o'-wisp is engulfed in spectral mist. x2
The will-o'-wisp is destroyed!
The will-o'-wisp hits you but does no damage.
The will-o'-wisp is engulfed in spectral mist.
You block the will-o'-wisp's attack.
You block the seven-headed hydra zombie's attack.
The seven-headed hydra zombie bites you but does no damage.
You block the seven-headed hydra zombie's attack.
The seven-headed hydra zombie bites you but does no damage. x3
You block the seven-headed hydra zombie's attack.
The will-o'-wisp is engulfed in spectral mist.
The will-o'-wisp blinks in a hypnotic pattern.
The will-o'-wisp attempts to bespell you!
You easily resist.
The phantasmal warrior hits you!!
* * * LOW HITPOINT WARNING * * *
The phantom blinks!
The phantom hits you but does no damage.
Artagas's shadow hits the phantom!!
The phantom is destroyed!
Dithmenos accepts your kill.
As you read the scroll of teleportation, it crumbles to dust.
You feel strangely unstable. You block the will-o'-wisp's attack.
The will-o'-wisp is engulfed in spectral mist.
The will-o'-wisp hits you!
* * * LOW HITPOINT WARNING * * *
The will-o'-wisp shocks you!
* * * LOW HITPOINT WARNING * * *
The will-o'-wisp is engulfed in spectral mist.
The will-o'-wisp is destroyed!
The seven-headed hydra zombie is struck by your spines.
The seven-headed hydra zombie bites you but does no damage.
You block the seven-headed hydra zombie's attack. x2
The seven-headed hydra zombie bites you.
* * * LOW HITPOINT WARNING * * *
The seven-headed hydra zombie bites you but does no damage. x3
You block the will-o'-wisp's attack.
The phantom hits you but does no damage.
The phantasmal warrior hits you!!
You die...

#### ## ###.W##.##
###...v...≈≈
#..WvWZW≈≈.≈
#°○☼tW@W≈≈#
#.ZWWWv####
#○.§WW## ###.
#@☼○W# #{○..{
♣≈≈##
##.####≈Z○..{
♣≈≈≈# #####..≈# {
♣♣♣≈≈≈#######..†.#
{
♣≈♣.≈≈≈##○○..?..##
{{
♣...≈≈≈≈#.○...###
{ {{


You could see a ghost crab, 3 phantasmal warriors, a freezing wraith, a spectral
alligator, 7 phantoms, a wraith, 3 will-o'-wisps, a seven-headed hydra zombie
and the friendly Artagas's shadow.

Vanquished Creatures
  Frances (Swamp:2)
  A thorn hunter (Swamp:2)
  4 dire elephants
  A ghost crab (Swamp:3)
  11 hydras
  8 two-headed ogres
  5 alligators
  An anaconda (Lair:6)
  3 shambling mangroves
  A catoblepas (D:11)
  2 tengu warriors
  A deep elf knight (Swamp:2)
  An orc high priest (Orc)
  5 centaur warriors
  3 spriggan druids
  4 wolf spider zombies
  2 swamp dragons
  5 cyclopes
  2 lindwurms
  3 necromancers
  A lindwurm (shapeshifter) (D:12)
  3 orc knights
  An oklob plant (Lair:2)
  5 orc sorcerers (Orc)
  3 ugly things
  An ice statue (IceCv)
  3 will-o'-wisps (Swamp:3)
  7 elephants
  5 black mambas
  A torpor snail (Lair:6)
  13 cane toads
  2 rime drakes (Lair:6)
  5 swamp worm zombies (Swamp:3)
  4 komodo dragons
  An anaconda simulacrum (IceCv)
  6 freezing wraiths
  A kobold demonologist (D:12)
  An eye of draining (D:10)
  6 ice devils (IceCv)
  A queen bee (D:11)
  7 trolls
  A wolf spider simulacrum (IceCv)
  A hydra zombie (Swamp:3)
  A golden dragon simulacrum (IceCv)
  A tengu conjurer (D:11)
  3 tyrant leeches
  2 polar bears
  11 hornets
  A harpy skeleton (D:12)
  6 blink frogs
  2 alligator zombies (Swamp:3)
  9 slime creatures
  6 hippogriffs
  2 meliai zombies
  6 bog bodies
  2 dream sheep (Lair:6)
  3 spriggans
  2 dire elephant simulacra (IceCv)
  5 wyverns
  30 yaks
  A fire bat (Volcano)
  A wraith (D:11)
  A steam dragon (D:10)
  2 hungry ghosts
  14 vampire mosquitoes
  4 harpy simulacra (IceCv)
  7 water moccasins
  13 swamp worms
  2 wargs
  An iron troll simulacrum (IceCv)
  15 crocodiles
  7 porcupines
  A hell hound (Lair:6)
  4 hydra simulacra (IceCv)
  A hornet zombie (D:6)
  2 ice beasts
  A soldier ant (D:10)
  19 orc warriors
  2 black bears
  2 swamp drakes (Swamp:2)
  2 sky beasts
  2 phantoms
  5 necrophages
  17 wolves
  8 ogres
  2 boggarts
  8 bullfrogs
  A kobold brigand (D:6)
  9 centaurs
  A wyvern skeleton (D:8)
  2 scorpions
  36 killer bees
  17 wights
  6 electric eels (D:11)
  24 orc priests
  10 crimson imps
  3 quasits
  2 draconian simulacra (IceCv)
  4 bullfrog skeletons
  6 hounds
  2 jellies
  8 iguanas
  Ijyb (D:5)
  31 orc wizards
  A spriggan simulacrum (IceCv)
  6 worker ants
  4 hell rats (Lair:4)
  A polar bear simulacrum (Lair:4)
  A porcupine skeleton (D:10)
  3 yak simulacra (Lair:4)
  3 troll simulacra (IceCv)
  3 wolf simulacra
  A hound zombie (D:5)
  A hound skeleton (D:6)
  A mummy (D:12)
  A howler monkey zombie (D:8)
  Robin (D:3)
  14 adders
  3 gnolls (D:5)
  A naga simulacrum (IceCv)
  A swamp drake zombie (Swamp:3)
  A howler monkey skeleton (D:8)
  An ogre simulacrum (IceCv)
  2 shadow imps
  8 white imps (IceCv)
  4 ufetubi (IceCv)
  2 oozes
  An adder skeleton (D:5)
  5 worms
  A dart slug (D:3)
  4 leopard geckos
  77 orcs
  A ball python (D:4)
  4 bats
  3 giant cockroaches
  17 goblins
  5 hobgoblins
  7 jackals
  11 kobolds
  7 quokkas
  3 frilled lizards
  4 rats
  5 river rat simulacra (Lair:4)
  4 plants
765 creatures vanquished.

Vanquished Creatures (collateral kills)
  A thorn hunter (Swamp:2)
  2 dire elephants (Lair:6)
  A blizzard demon (IceCv)
  2 hydras
  A spriggan berserker (Swamp:2)
  A will-o'-wisp (Swamp:3)
  A cane toad (Swamp:1)
  A komodo dragon (Lair:1)
  A tyrant leech (Swamp:2)
  A troll (D:10)
  3 hornets
  A bog body (Swamp:1)
  A slime creature (D:12)
  A spriggan (Swamp:2)
  A dire elephant simulacrum (IceCv)
  Menkaure (D:7)
  A swamp worm (Swamp:2)
  A phantom (Swamp:3)
  An ettin simulacrum (IceCv)
  4 killer bees
  An electric eel (D:11)
  A centaur simulacrum (IceCv)
29 creatures vanquished.

Vanquished Creatures (others)
  A blizzard demon (IceCv)
  2 will-o'-wisps (Swamp:3)
  A boggart (Swamp:1)
  A bush (Lair:1)
  9 fungi
  33 plants
47 creatures vanquished.

Grand Total: 841 creatures vanquished

Notes
Turn   | Place    | Note
-------+----------+-------------------------------------------
     0 | D:1      | Artagas the Demonspawn Monk began the quest for the Orb.
     0 | D:1      | Reached XP level 1. HP: 18/18 MP: 2/2
   219 | D:1      | Reached skill level 3 in Axes
   219 | D:1      | Gained mutation: You are slightly more attuned to the
                  | shadows. [demonic ancestry]
   219 | D:1      | Reached XP level 2. HP: 24/24 MP: 4/4
   587 | D:1      | Gained mutation: You have a pair of small antennae on your
                  | head. [demonic ancestry]
   587 | D:1      | Reached XP level 3. HP: 29/29 MP: 5/5
  1764 | D:2      | Reached skill level 4 in Fighting
  2246 | D:3      | Noticed Robin
  2268 | D:3      | Gained mutation: You have large cloven feet. [demonic
                  | ancestry]
  2268 | D:3      | Reached XP level 4. HP: 33/37 MP: 4/6
  2281 | D:3      | Killed Robin
  2532 | D:3      | Found a sacrificial altar of Ru.
  2691 | D:3      | Found a snail-covered altar of Cheibriados.
  2704 | D:3      | Reached skill level 4 in Axes
  3135 | D:3      | Gained mutation: You have a pair of antennae on your head.
                  | [demonic ancestry]
  3135 | D:3      | Reached XP level 5. HP: 43/43 MP: 7/7
  3956 | D:4      | Reached skill level 5 in Fighting
  4232 | D:4      | Noticed a necrophage
  4240 | D:4      | Killed a necrophage
  4241 | D:4      | Gained mutation: You are partially covered in sharp spines.
                  | [demonic ancestry]
  4241 | D:4      | Reached XP level 6. HP: 48/51 MP: 6/8
  4287 | D:4      | Reached skill level 5 in Axes
  4587 | D:5      | Entered Level 5 of the Dungeon
  4588 | D:5      | Noticed a hungry ghost
  4628 | D:5      | Killed a hungry ghost
  4629 | D:5      | Reached skill level 6 in Fighting
  4629 | D:5      | Gained mutation: You have sharp fingernails. [demonic
                  | ancestry]
  4629 | D:5      | Reached XP level 7. HP: 50/58 MP: 6/9
  4687 | D:5      | Reached skill level 1 in Unarmed Combat
  4716 | D:5      | Noticed tronn's ghost (weakling OpAc)
  4783 | D:5      | Found a transporter.
  4786 | D:5      | Found a transporter.
  4860 | D:5      | Reached skill level 2 in Unarmed Combat
  5001 | D:5      | Reached skill level 7 in Fighting
  5040 | D:5      | Found a shadowy altar of Dithmenos.
  5048 | D:5      | Reached skill level 3 in Unarmed Combat
  5156 | D:5      | Found a staircase to the Ecumenical Temple.
  5184 | Temple   | Entered the Ecumenical Temple
  5203 | Temple   | Became a worshipper of Dithmenos the Shadowed
  5203 | Temple   | Reached * piety under Dithmenos
  5203 | Temple   | Reached ** piety under Dithmenos
  5225 | D:5      | Noticed Ijyb
  5371 | D:5      | Killed Ijyb
  5372 | D:5      | Gained mutation: You have hoof-like feet. [demonic
                  | ancestry]
  5372 | D:5      | Reached XP level 8. HP: 66/67 MP: 8/10
  5785 | D:6      | Reached skill level 4 in Unarmed Combat
  5801 | D:6      | Reached skill level 8 in Fighting
  5927 | D:6      | Found an iron altar of Okawaru.
  6043 | D:6      | Reached skill level 5 in Unarmed Combat
  6238 | D:6      | Found a burning altar of Makhleb.
  6240 | D:6      | Noticed a balrug
  6272 | D:6      | Noticed a smoke demon
  6680 | D:6      | Gained mutation: You have very sharp fingernails. [demonic
                  | ancestry]
  6680 | D:6      | Reached XP level 9. HP: 72/75 MP: 11/11
  6747 | D:6      | Found a glowing golden altar of the Shining One.
  6963 | D:7      | Reached skill level 9 in Fighting
  7135 | D:7      | Reached skill level 6 in Unarmed Combat
  7191 | D:7      | Noticed Menkaure
  7441 | D:7      | Killed Menkaure
  7817 | D:8      | Noticed a troll
  7824 | D:8      | Killed a troll
  7825 | D:8      | Reached skill level 10 in Fighting
  7825 | D:8      | Reached skill level 7 in Unarmed Combat
  7845 | D:8      | Reached *** piety under Dithmenos
  7853 | D:8      | Reached skill level 8 in Unarmed Combat
  7952 | D:8      | Upgraded the game from bcrawl-1.40.3b to bcrawl-1.41
  8058 | D:8      | Gained mutation: You are mostly covered in sharp spines.
                  | [demonic ancestry]
  8058 | D:8      | Reached XP level 10. HP: 69/85 MP: 9/13
  8068 | D:8      | Reached skill level 9 in Unarmed Combat
  8144 | D:8      | Noticed a centaur warrior
  8159 | D:8      | Killed a centaur warrior
  8523 | D:8      | Noticed a two-headed ogre
  8528 | D:8      | Reached skill level 10 in Unarmed Combat
  8538 | D:8      | Killed a two-headed ogre
  8840 | D:8      | Reached skill level 1 in Throwing
  8840 | D:8      | Reached skill level 1 in Armour
  8977 | D:9      | Reached **** piety under Dithmenos
  9038 | D:9      | Reached skill level 2 in Throwing
  9038 | D:9      | Reached skill level 2 in Armour
  9253 | D:9      | Reached skill level 11 in Unarmed Combat
  9260 | D:9      | Reached skill level 3 in Throwing
  9260 | D:9      | Gained mutation: You have claws for hands. [demonic
                  | ancestry]
  9260 | D:9      | Reached XP level 11. HP: 57/90 MP: 9/14
  9262 | D:9      | Reached skill level 3 in Armour
  9349 | D:9      | Found a staircase to the Lair.
  9384 | D:9      | Reached skill level 4 in Armour
  9939 | D:9      | Found a staircase to the Orcish Mines.
 10019 | D:9      | Noticed a red ugly thing
 10029 | D:9      | Killed a red ugly thing
 10030 | D:9      | Reached skill level 5 in Armour
 10142 | Lair:1   | Entered Level 1 of the Lair of Beasts
 10247 | Lair:1   | HP: 9/90 [komodo dragon (13)]
 10406 | Lair:1   | Reached skill level 6 in Armour
 10455 | Lair:1   | Noticed a four-headed hydra
 10466 | Lair:1   | Killed a four-headed hydra
 11183 | Lair:1   | Reached skill level 1 in Evocations
 11494 | Lair:1   | Reached ***** piety under Dithmenos
 11495 | Lair:1   | Reached skill level 3 in Invocations
 11495 | Lair:1   | Reached skill level 2 in Evocations
 11633 | Lair:2   | Noticed a six-headed hydra
 11643 | Lair:2   | Killed a six-headed hydra
 11739 | Lair:2   | Reached skill level 11 in Fighting
 11781 | Lair:2   | Got a distressingly furry chain mail
 11854 | Lair:2   | Noticed an oklob plant
 11860 | Lair:2   | Killed an oklob plant
 11861 | Lair:2   | Reached skill level 4 in Throwing
 12081 | Lair:2   | Gained mutation: You are significantly more attuned to the
                  | shadows. [demonic ancestry]
 12081 | Lair:2   | Reached XP level 12. HP: 91/100 MP: 12/15
 12152 | Lair:2   | Reached skill level 4 in Invocations
 12289 | Lair:2   | Reached skill level 3 in Evocations
 12824 | Lair:3   | Noticed a seven-headed hydra
 12830 | Lair:3   | HP: 13/100 [seven-headed hydra (6)]
 12832 | Lair:3   | Killed a seven-headed hydra
 12833 | Lair:3   | Reached skill level 5 in Invocations
 13005 | Lair:3   | Reached skill level 12 in Unarmed Combat
 13183 | Lair:3   | Identified the +5 chain mail "Languaf" {rCorr Int+4 Slay+2}
                  | (You found it on level 2 of the Lair of Beasts)
 13186 | Lair:3   | Found a staircase to the Swamp.
 13372 | Lair:3   | Reached skill level 4 in Evocations
 13602 | Lair:3   | Found a staircase to the Shoals.
 13961 | Lair:4   | Reached skill level 5 in Throwing
 13970 | Lair:4   | Reached skill level 6 in Invocations
 14223 | Lair:4   | Reached skill level 5 in Evocations
 14224 | Lair:4   | Noticed a four-headed hydra
 14228 | Lair:4   | Reached skill level 7 in Invocations
 14233 | Lair:4   | Killed a four-headed hydra
 14398 | Lair:4   | Noticed an eight-headed hydra
 14404 | Lair:4   | Killed an eight-headed hydra
 14842 | Lair:4   | Found a transporter.
 14844 | Lair:4   | Found a transporter.
 14845 | Lair:4   | Noticed Faturymn's ghost (journeyman DrAE)
 15649 | Lair:5   | Reached skill level 7 in Armour
 16160 | Lair:5   | Noticed an eight-headed hydra
 16207 | Lair:5   | Found a runed translucent door.
 16209 | Lair:5   | Noticed Wachungys's ghost (journeyman NaVM)
 16211 | Lair:5   | Identified the +6 trident "Bixaypni" {holy, rF- MP+9 Str-3
                  | Int+5 Dex+9}
 16615 | Lair:5   | Found a staircase to the Elven Halls.
 16627 | Lair:5   | Reached XP level 13. HP: 107/107 MP: 19/19
 16997 | Lair:6   | Entered Level 6 of the Lair of Beasts
 17044 | Lair:6   | Reached skill level 12 in Fighting
 17164 | Lair:6   | Reached skill level 13 in Unarmed Combat
 17193 | Lair:6   | Found a dark tunnel.
 17201 | Lair:6   | Reached skill level 1 in Shields
 17299 | Volcano  | Entered a volcano
 17328 | Volcano  | Reached skill level 2 in Shields
 17513 | Lair:6   | Reached skill level 3 in Shields
 18046 | Lair:6   | Reached skill level 4 in Shields
 18412 | Lair:6   | Noticed a dire elephant
 18421 | Lair:6   | Killed a dire elephant
 18422 | Lair:6   | Reached skill level 5 in Shields
 18535 | Lair:6   | Noticed a dire elephant
 18535 | Lair:6   | Noticed a dire elephant
 18567 | Lair:6   | Noticed a dire elephant
 18631 | Lair:6   | Noticed a dire elephant
 18763 | Lair:6   | Killed a dire elephant
 18872 | Lair:6   | Noticed a dire elephant
 19115 | Lair:6   | Killed a dire elephant
 19116 | Lair:6   | Reached skill level 6 in Shields
 19148 | Lair:6   | Killed a dire elephant
 19167 | Lair:6   | Killed a dire elephant
 19358 | Lair:6   | Reached skill level 7 in Shields
 19532 | Lair:5   | Killed a dire elephant
 19695 | D:10     | Entered Level 10 of the Dungeon
 19740 | D:10     | Reached skill level 8 in Shields
 20290 | D:10     | Reached skill level 9 in Shields
 20506 | D:11     | Gained mutation: You have hooves in place of feet. [demonic
                  | ancestry]
 20506 | D:11     | Reached XP level 14. HP: 115/115 MP: 20/20
 21439 | D:11     | Reached skill level 14 in Unarmed Combat
 22469 | D:11     | Found a gate to the Vaults.
 22478 | D:11     | Reached skill level 8 in Armour
 22701 | D:12     | Entered Level 12 of the Dungeon
 22723 | D:12     | Reached skill level 10 in Shields
 22836 | D:12     | Found a shimmering blue altar of Sif Muna.
 23125 | D:12     | Reached ****** piety under Dithmenos
 23129 | D:12     | Identified the +3 medium shield of the Hills {*Drain rC++}
 23624 | D:12     | Reached skill level 11 in Shields
 23769 | D:12     | Found a staircase to the Depths.
 23769 | D:12     | Noticed a fire giant
 23888 | Orc      | Entered the Orcish Mines
 24197 | Orc      | Found Luczuid's Book Boutique.
 24342 | Orc      | Found a viscous altar of Jiyva.
 24342 | Orc      | Found a staircase to the Slime Pits.
 24497 | Orc      | Found Koybrih's Antique Weapon Emporium.
 24622 | Orc      | Found a roughly hewn altar of Beogh.
 24640 | Orc      | Found Myegg's Antique Weapon Shoppe.
 24769 | Orc      | Found Akhont's Food Emporium.
 24770 | Orc      | Found Jiubeso's Gadget Emporium.
 24771 | Orc      | Found Rerr's Antique Weapon Shoppe.
 24773 | Orc      | Found Cydug's Distillery.
 24778 | Orc      | Bought a wand of acid (2) for 66 gold pieces
 24782 | Orc      | Bought a potion of curing for 35 gold pieces
 24782 | Orc      | Bought a potion of curing for 35 gold pieces
 24782 | Orc      | Bought a potion of curing for 35 gold pieces
 25203 | Swamp:1  | Entered Level 1 of the Swamp
 25218 | Swamp:1  | Gained mutation: You are robust. (+10% HP) [demonic
                  | ancestry]
 25218 | Swamp:1  | Reached XP level 15. HP: 99/133 MP: 18/21
 25320 | Swamp:1  | Reached skill level 8 in Invocations
 25776 | Swamp:1  | HP: 17/134 [spriggan druid/angry trees (10)]
 26319 | Swamp:1  | Reached skill level 6 in Throwing
 27865 | Swamp:2  | Noticed Frances
 28106 | Swamp:2  | Found a frozen archway.
 28110 | IceCv    | Entered an ice cave
 28175 | IceCv    | Reached skill level 9 in Invocations
 28176 | IceCv    | Identified the Catalogue of Malediction and Flames
 29675 | IceCv    | Got a smoking iron ring
 29676 | IceCv    | Identified the ring "Lataud" {Ice Int+3} (You found it in
                  | an ice cave)
 29970 | Swamp:2  | Reached skill level 7 in Throwing
 30290 | Swamp:2  | Noticed a thorn hunter
 30296 | Swamp:2  | Noticed a thorn hunter
 30305 | Swamp:2  | Reached skill level 13 in Fighting
 30446 | Swamp:2  | Killed a thorn hunter
 30699 | Swamp:2  | Killed a thorn hunter
 30740 | Swamp:2  | Killed Frances
 30943 | Swamp:2  | Reached skill level 15 in Unarmed Combat
 31671 | Swamp:3  | Entered Level 3 of the Swamp
 32479 | Swamp:3  | Gained mutation: You have a pair of large antennae on your
                  | head. (SInv) [demonic ancestry]
 32479 | Swamp:3  | Reached XP level 16. HP: 117/145 MP: 17/23
 32569 | Swamp:3  | Reached skill level 14 in Fighting
 33228 | Swamp:3  | Noticed a bone dragon
 33246 | Swamp:3  | HP: 18/146 [five-headed hydra zombie (5)]
 33252 | Swamp:3  | HP: 16/146 [seven-headed hydra zombie (6)]
 33252 | Swamp:3  | Slain by a phantasmal warrior

Skill      XL: |  1  2  3  4  5  6  7  8  9 10 11 12 13 14 15 16 |
---------------+-------------------------------------------------+-----
Axes           | 3 4 5 |  5.5
Fighting       | 4 5 6 7 8 10 11 12 13 14 | 14.0
Unarmed Combat | 3 5 8 11 12 13 14 15 | 15.5
Throwing       | 3 4 5 7 |  7.0
Armour         | 2 6 7 8 |  8.0
Evocations     | 2 5 |  5.0
Invocations    | 3 7 9 |  9.0
Shields        | 9 11 | 11.0
Dodging        | |  2.6
Stealth        | |  2.0

Action                   |  1- 3 |  4- 6 |  7- 9 | 10-12 | 13-15 | 16-18 || total
-------------------------+-------+-------+-------+-------+-------+-------++-------
Melee: Hand axe          |   191 |   126 |       |       |       |       ||   317
       Kick              |       |    41 |    28 |       |   258 |    27 ||   354
       Flail             |       |    29 |   101 |       |       |       ||   130
       Unarmed           |       |       |   117 |   417 |   864 |    43 ||  1441
       Punch             |       |       |     5 |    19 |    17 |       ||    41
Throw: Tomahawk          |       |       |    19 |    33 |   241 |     5 ||   298
       Javelin           |       |       |     2 |    39 |   102 |     2 ||   145
Invok: Shadow Step       |       |       |     5 |    15 |    46 |     3 ||    69
Evoke: Wand              |       |       |     1 |     3 |    12 |     1 ||    17
  Use: Scroll            |     6 |     3 |     5 |    15 |    15 |     3 ||    47
       Potion            |       |       |       |     3 |     5 |     3 ||    11
 Stab: Sleeping          |     9 |     5 |     3 |    11 |     1 |       ||    29
       Distracted        |       |       |     1 |     1 |     3 |     1 ||     6
       Petrified         |       |       |       |       |     2 |       ||     2
  Eat: Chunk             |    10 |    12 |    19 |    35 |    55 |     1 ||   132
       Ration            |       |     1 |       |     1 |     9 |       ||    11
Armor: Robe              |    18 |       |       |       |       |       ||    18
       Ring mail         |    29 |    32 |    30 |       |       |       ||    91
       Scale mail        |       |       |    27 |    39 |       |       ||    66
       Plate armour      |       |       |       |    91 |       |       ||    91
       Chain mail        |       |       |       |    57 |   350 |    51 ||   458
Dodge: Dodged            |   109 |    72 |   134 |   218 |   142 |     6 ||   681
Block: Large shield      |       |       |       |       |   655 |    66 ||   721

Levels and vault maps discovered:
D:1:      lemuel_arrival_room, layout_basic
D:2:      layout_basic, corexii_item_surrounded_by_moat
D:3:      layout_basic, kennysheep_slug_shrine, nicolae_ru_sacrificial_ziggurat,
          uniq_robin
D:4:      layout_basic, first_ration
D:5:      layout_rooms, minmay_temple_entry_butterflies, gammafunk_ghost_hive,
          nicolae_dithmenos_the_darkroom, uniq_ijyb
D:6:      layout_cave_pods, tso_metal_star, basic_altar,
          makhleb_altar_promises_db
D:7:      layout_loops_ring, uniq_menkaure
D:8:      layout_rooms
D:9:      layout_long_grid, david_lair_shrubbed, hiddenorc1_lemuel
D:10:     layout_rooms, grunt_tengu_nest
D:11:     layout_basic, david_vaults_1, special_room [special_room_bee]
D:12:     grunt_enter_depths_giant_problem, layout_cave_pools, serial_undead,
          serial_undead_f, serial_undead_a, serial_undead_c, serial_undead_f,
          serial_undead_c, serial_undead_e, serial_undead_e, led_sif_book
Temple:   compressed_dpeg_circular_temple
Lair:1:   layout_misc_corridors, beast_lair_carwin_6
Lair:2:   layout_cave_pods, minmay_lair_oklob_chamber
Lair:3:   layout_cave_pods, minmay_swamp_entry_worms,
          minmay_shoals_entry_centaurs
Lair:4:   layout_long_grid, gammafunk_ghost_hive, eino_house_with_fridge,
          grunt_megastairs_4
Lair:5:   layout_layer_cave, ebering_ghost_funeral_grove,
          chequers_serial_rivers_large_a, beast_lair_carwin_8
Lair:6:   due_jungle_book, layout_loops_ring, nicolae_volcano_entry_vermiform
Swamp:1:  layout_basic_swamp, nicolae_swamp_fairy_circle,
          infiniplex_staircase_pool_2
Swamp:2:  cheibrodos_swamp_heart_of_darkness, layout_basic_swamp,
          portal_ice_cave_entry_pillars_three, evilmike_swamp_ruin_house_3,
          nicolae_swamp_very_dense_foliage, infiniplex_staircase_pool,
          uniq_frances
Swamp:3:  swamp_pestilence, layout_basic_swamp
Orc:      st_orc_mages, layout_caves, slime_altar_1, basic_altar, serial_shops,
          shop, nicolae_shop_crystal, nicolae_shop_overgrown_old_shop

Table legend:
 A = Turns spent in this place as a percentage of turns spent in the entire game.
 B = Non-inter-level travel turns spent in this place as a percentage of non-inter-level travel turns spent in the entire game.
 C = Inter-level travel turns spent in this place as a percentage of turns spent in this place.
 D = Turns resting spent in this place as a percentage of non-inter-level travel turns spent in this place.
 E = Turns spent auto-exploring this place as a percentage of non-inter-level travel turns spent in this place.
 F = Non-inter-level travel turns spent in this place divided by the number of levels of this place that you've seen.
                   A       B       C       D       E      F
               +-------+-------+-------+-------+-------+----------------------
         Total | 100.0 | 100.0 |   3.2 |  24.3 |  55.6 | 1287.1
       Dungeon |  44.0 |  43.9 |   3.3 |  13.2 |  64.2 | 1178.0
        Temple |   0.1 |   0.1 |   0.0 |   0.0 |  26.7 |  30.0
          Lair |  29.6 |  29.2 |   4.4 |  18.7 |  65.3 | 1567.0
         Swamp |  18.4 |  18.6 |   1.7 |  53.8 |  30.5 | 1999.3
  Orcish Mines |   3.1 |   3.1 |   4.8 |   1.3 |  77.1 | 982.0
      Ice Cave |   4.8 |   5.0 |   0.0 |  59.4 |   6.2 | 1600.0
       Volcano |   0.1 |   0.1 |   0.0 |  13.3 |   0.0 |  30.0
               +-------+-------+-------+-------+-------+----------------------

Table legend:
 A = Kills in this place as a percentage of kills in entire the game.
 B = Kills by you in this place as a percentage of kills by you in the entire game.
 C = Kills by friends in this place as a percentage of kills by friends in the entire game.
 D = Other kills in this place as a percentage of other kills in the entire game.
 E = Experience gained in this place as a percentage of experience gained in the entire game.
 F = Experience gained in this place divided by the number of levels of this place that you have seen.
                   A       B       C       D       E      F
               +-------+-------+-------+-------+-------+----------------------
         Total | 100.0 | 100.0 | 100.0 | 100.0 | 100.0 | 6352.4
       Dungeon |  53.8 |  55.1 |  27.6 |   0.0 |  30.9 | 4092.4
          Lair |  18.5 |  18.9 |  10.3 |   0.0 |  27.8 | 7367.8
         Swamp |  13.0 |  11.3 |  48.3 | 100.0 |  29.7 | 15718.7
  Orcish Mines |   7.9 |   8.3 |   0.0 |   0.0 |   5.2 | 8266.0
      Ice Cave |   6.4 |   6.2 |  13.8 |   0.0 |   5.6 | 8967.0
       Volcano |   0.3 |   0.3 |   0.0 |   0.0 |   0.7 | 1104.0
               +-------+-------+-------+-------+-------+----------------------
